 Dungeon Crawl Stone Soup version 0.31.0-11-ge490571c62 (webtiles) character file.

Game seed: 6480285615520583637

381 qw the Shooter (level 6, 0/30 HPs)
             Began as a Spriggan Hunter on Feb 3, 2024.
             Incinerated by a bombardier beetle (3 damage)
             ... with a burning spray
             ... on level 5 of the Dungeon.
             The game lasted 00:00:10 (2808 turns).

qw the Shooter (Spriggan Hunter)                    Turns: 2808, Time: 00:00:11

Health: 0/30       AC:  4    Str:  7    XL:     6   Next: 46%
Magic:  7/7        EV: 22    Int: 10    God:
Gold:   135        SH:  0    Dex: 21    Spells: 5/5 levels left

rFire   . . .        a - +0 shortbow
rCold   . . .        (shield currently unavailable)
rNeg    . . .        c - +0 robe
rPois   .            (helmet restricted)
rElec   +            (no cloak)
rCorr   .            (gloves unavailable)
SInv    +            (boots unavailable)
Will    +....        (no amulet)
Stlth   +            (no ring)
HPRegen 0.25/turn    (no ring)
MPRegen 0.10/turn

%: no passive effects
@: on fire, glowing, very quick
A: very small, no large weapons, unfitting armour, see invisible, speed 3,
iridescent scales 1, screaming 1, electricity resistance
a: no special abilities


You were on level 5 of the Dungeon.
You visited 1 branch of the dungeon, and saw 6 of its levels.

You collected 168 gold pieces.
You spent 33 gold pieces at shops.


Innate Abilities, Weirdness & Mutations

You are very small and have problems with some larger weapons.
You are too small for most types of armour.
You have supernaturally acute eyesight. (SInv)
You cover ground extremely quickly. (Speed+++)
You are partially covered in iridescent scales. (AC +2)
You occasionally shout uncontrollably at your foes.
You are resistant to electric shocks. (rElec)


   Skills:
 - Level 2.0 Fighting
 + Level 6.3 Ranged Weapons
 - Level 6.2 Dodging
 - Level 1.5 Stealth


You had 5 spell levels left.
You didn't know any spells.
Your spell library was empty.

Inventory:

Hand Weapons
 a - a +0 shortbow (weapon)
Armour
 c - a +0 robe (worn)
Potions
 d - a potion of degeneration {unknown}
 e - a potion of mutation
 g - a potion of heal wounds {unknown}
 h - 5 potions of curing

Dungeon Overview and Level Annotations

Branches:
Dungeon (6/15)
 Temple: D:4-7

Altars:

Shops:
D:2 !*   D:3 (

Annotations:
D:3 1 runed translucent door, qw's ghost, amateur SpHu


Message History

You shoot an arrow. The arrow hits the iguana.
You kill the iguana!
The jackal misses you.
The jackal bites you but does no damage.
The jackal completely misses you. The jackal misses you.
You shoot an arrow. The arrow hits the bombardier beetle.
The bombardier beetle is lightly wounded.
The jackal misses you. The jackal completely misses you. The jackal misses you.
The bombardier beetle sprays incendiary fluid at you.
The burning spray hits you.
You are covered in liquid fire!
The jackal bites you but does no damage.
The phantom closely misses you. The jackal closely misses you.
You shoot an arrow. The arrow hits the bombardier beetle.
The bombardier beetle is lightly wounded.
The liquid fire burns you! The jackal closely misses you.
The jackal misses you. The jackal completely misses you.
The phantom barely misses you.
The bombardier beetle barely misses you.
The jackal misses you.
You shoot an arrow.
The arrow closely misses the bombardier beetle.
The liquid fire burns you! The jackal completely misses you.
The jackal bites you but does no damage.
The phantom completely misses you.
The jackal bites you but does no damage.
The jackal bites you. The jackal misses you.
You shoot an arrow.
The arrow hits the bombardier beetle but does no damage.
The bombardier beetle is lightly wounded.
The liquid fire burns you! The jackal bites you. The jackal closely misses you.
The jackal misses you. The phantom misses you.
The bombardier beetle barely misses you.
The jackal completely misses you. The jackal closely misses you.
You shoot an arrow. The arrow hits the bombardier beetle!
The bombardier beetle is heavily wounded.
The liquid fire burns you!
You die...

#..##.....
#.........
#.........
##.........
##..........
..##...........
......W........
......h@.......
......hhB.....#
........<.....(
>........##.##.
#.....^..# #
#...###... ....
##.. ##. ...


You could see a phantom, a bombardier beetle and 3 jackals.

Vanquished Creatures
  An ogre (D:6)
  A phantom (D:3)
  A hound (D:6)
  2 iguanas
  6 adders
  A white imp (D:6)
  A ribbon worm (D:3)
  9 orcs (D:3)
  3 bats
  6 endoplasms
  2 giant cockroaches
  7 goblins
  8 hobgoblins
  4 quokkas
  4 ball pythons
  2 frilled lizards (D:1)
  4 kobolds
  6 rats
68 creatures vanquished.

Notes
Turn   | Place    | Note
-------+----------+-------------------------------------------
     0 | D:1      | qw the Spriggan Hunter began the quest for the Orb.
     0 | D:1      | Reached XP level 1. HP: 10/10 MP: 2/2
     0 | D:1      | 0 ||| qw: Version: 0.3-a-157-g843a77d
     0 | D:1      | 0 ||| qw: Game counter: 3988
     0 | D:1      | 0 ||| qw: Melee chars always use a shield: true
     0 | D:1      | 0 ||| qw: God list: Okawaru
     0 | D:1      | 0 ||| qw: Allow faded altars: false
     0 | D:1      | 0 ||| qw: Do Orc after clearing Dungeon:15 true
     0 | D:1      | 0 ||| qw: Do second Lair branch before Depths: true
     0 | D:1      | 0 ||| qw: Lair rune preference: random
     0 | D:1      | 0 ||| qw: Goals: Normal
     0 | D:1      | 0 ||| PLANNING D:1-11
    48 | D:1      | Reached skill level 3 in Dodging
    95 | D:1      | Reached XP level 2. HP: 14/14 MP: 3/3
    98 | D:1      | Found a faded altar of an unknown god.
   766 | D:1      | 766 ||| DROPPING +6 ring of intelligence.
   767 | D:1      | 767 ||| DROPPING scroll of butterflies.
   771 | D:2      | Found Qokkias's Distillery.
   777 | D:2      | 777 ||| SHOPLISTING potion of cancellation (88 gold, have
                  | 36).
   777 | D:2      | 777 ||| BUYING potion of curing (33 gold).
   777 | D:2      | Bought a potion of curing for 33 gold pieces
   777 | D:2      | 777 ||| SHOPLISTING potion of haste (110 gold, have 3).
   777 | D:2      | 777 ||| SHOPLISTING potion of heal wounds (55 gold, have
                  | 3).
   777 | D:2      | 777 ||| SHOPLISTING potion of might (44 gold, have 3).
   777 | D:2      | 777 ||| SHOPLISTING potion of resistance (110 gold, have
                  | 3).
   833 | D:2      | Reached XP level 3. HP: 18/18 MP: 4/4
  1132 | D:2      | Found Xuros's General Store.
  1137 | D:2      | 1137 ||| SHOPLISTING amulet of Axour {Reflect rF+ SH+5}
                  | (528 gold, have 30).
  1137 | D:2      | 1137 ||| SHOPLISTING ring of willpower (300 gold, have 30).
  1246 | D:2      | Reached XP level 4. HP: 21/22 MP: 5/5
  1603 | D:2      | 1603 ||| READING scroll labelled MAUGRO YLATEG.
  1704 | D:2      | 1704 ||| DRINKING 2 fizzy amethyst potions.
  1704 | D:2      | Gained mutation: You are resistant to electric shocks.
                  | (rElec) [potion of mutation]
  1704 | D:2      | Gained mutation: You occasionally shout uncontrollably at
                  | your foes. [potion of mutation]
  1704 | D:2      | Gained mutation: You are partially covered in iridescent
                  | scales. (AC +2) [potion of mutation]
  1738 | D:3      | Noticed a phantom
  1743 | D:3      | 1743 ||| STAIRDANCE
  1769 | D:3      | Killed a phantom
  1770 | D:3      | Reached XP level 5. HP: 8/25 MP: 6/6
  1770 | D:3      | HP: 5/25 [ball python (3)]
  2188 | D:3      | Found Yshrulugo's Weapon Boutique.
  2190 | D:3      | Found a runed translucent door.
  2255 | D:3      | 2255 ||| SHOPLISTING +2 shortbow of draining (191 gold,
                  | have 87).
  2263 | D:3      | Noticed qw's ghost (amateur SpHu)
  2673 | D:4      | You fall into a shaft and drop 2 floors!
  2764 | D:6      | 2764 ||| READING scroll labelled UTU UTTIRA.
  2764 | D:6      | 2764 ||| ENCHANTING +0 shortbow.
  2765 | D:6      | 2765 ||| READING scroll labelled EMNAD FUSTROVA.
  2765 | D:6      | 2765 ||| IDENTIFYING clear potion
  2766 | D:6      | 2766 ||| DRINKING 2 ruby potions.
  2767 | D:6      | 2767 ||| DROPPING potion of ambrosia.
  2768 | D:6      | 2768 ||| DROPPING potion of attraction.
  2772 | D:6      | Noticed an ogre
  2778 | D:6      | Killed an ogre
  2779 | D:6      | Reached skill level 6 in Ranged Weapons
  2779 | D:6      | Reached XP level 6. HP: 30/30 MP: 7/7
  2788 | D:6      | Reached skill level 6 in Dodging
  2797 | D:5      | Entered Level 5 of the Dungeon
  2806 | D:5      | HP: 6/30 [jackal (3)]
  2808 | D:5      | Incinerated by a bombardier beetle

Levels and vault maps discovered:
D:1:      giann_bridges, layout_loops_ring, shapermc_ecumenical_altar_gd,
          serial_forest, infiniplex_forest_diagonal,
          infiniplex_forest_clump_small, infiniplex_forest_end_2,
          infiniplex_forest_join, infiniplex_forest_3_way
D:2:      layout_basic, serial_shops, shop, shop, kennysheep_path_1,
          nicolae_half_adder
D:3:      layout_basic, hellmonk_ghost_happy_afterlife, serial_shops,
          nicolae_shop_waterfront
D:4:      layout_basic, mainiacjoe_overflow_cross_hatched,
          minmay_temple_entry_proselytizer, serial_shops, nicolae_diamond_shop,
          minmay_manual_monstrance
D:5:      layout_cave_pools, kennysheep_little_box,
          mainiacjoe_overflow_big_doors
D:6:      layout_basic, mainiacjoe_overflow_alcove_1, grunt_ministairs_13,
          st_stairs_14

Skill      XL: |  1  2  3  4  5  6 |
---------------+-------------------+-----
Dodging        | 3 4 5 6 |  6.2
Ranged Weapons | 5 6 |  6.3
Fighting       | 2 |  2.0
Stealth        | |  1.5

Action                     |  1- 3 |  4- 6 || total
---------------------------+-------+-------++-------
   Fire: Shortbow          |    96 |   143 ||   239
    Use: Scroll            |       |     3 ||     3
         Potion            |       |     2 ||     2
 Armour: Robe              |    13 |    37 ||    50
  Dodge: Dodged            |    38 |   128 ||   166

Table legend:
 A = Non-vault XP
 B = Vault XP
 C = Vault XP percentage of total XP
 D = Non-vault monster count
 E = Vault monster count
 F = Vault count percentage of total count
                 A         B        C        D         E       F
            +---------+---------+-------+---------+---------+-------
      Total |     349 |     196 |  36.0 |      63 |       5 |   7.4
            +---------+---------+-------+---------+---------+-------
        D:1 |      35 |       0 |   0.0 |      22 |       0 |   0.0
        D:2 |      31 |      39 |  55.7 |      12 |       3 |  20.0
        D:3 |     189 |       0 |   0.0 |      24 |       0 |   0.0
        D:4 |       4 |       0 |   0.0 |       2 |       0 |   0.0
        D:5 |      37 |       0 |   0.0 |       1 |       0 |   0.0
        D:6 |      53 |     157 |  74.8 |       2 |       2 |  50.0
            +---------+---------+-------+---------+---------+-------
